 Dungeon Crawl Stone Soup version 0.24-a0-630-g0d56a85 (webtiles) character file.

Game seed: 239100111673426779, levelgen mode: deterministic

182 Dorkslayer the Skirmisher (level 5, -1/37 HPs)
             Began as an Octopode Fighter on Sept 17, 2019.
             Slain by an orc wizard
             ... wielding a +0 dagger
              (2 damage)
             ... on level 4 of the Dungeon on Sept 18, 2019.
             The game lasted 00:10:35 (2716 turns).

Dorkslayer the Skirmisher (Octopode Fighter)        Turns: 2716, Time: 00:10:35

Health: -1/37      AC:  1    Str: 16    XL:     5   Next: 61%
Magic:  14/14      EV: 12    Int: 12    God:
Gold:   221        SH:  9    Dex: 12    Spells: 4/4 levels left

rFire    . . .     SeeInvis .   a - +0 long sword
rCold    . . .     Gourm    .   b - +0 shield
rNeg     . . .     Faith    .   (helmet restricted)
rPois    .         Spirit   .   (no amulet)
rElec    .         Reflect  .   e - ring of magical power
rCorr    +         Harm     .   k - ring of resist corrosion
MR       .....                  (no ring)
Stlth    +++.......             (no ring)
HPRegen  0.12/turn              (no ring)
MPRegen  0.14/turn              (no ring)
                                (no ring)
                                (no ring)

@: lethally poisoned (-1 -> -3)
A: almost no armour, stealthy swim, amphibious, 8 rings, constrict 8, camouflage
1, clever 1, gelatinous body 1
a: no special abilities


You were on level 4 of the Dungeon.
You were hungry.

You visited 1 branch of the dungeon, and saw 4 of its levels.

You collected 221 gold pieces.

Inventory:

Hand Weapons
 a - a +0 long sword (weapon)
 l - a +1 short sword of holy wrath
Missiles
 o - 2 poisoned darts (quivered)
Armour
 b - a +0 shield (worn)
Jewellery
 e - a ring of magical power (left tentacle)
 k - a ring of resist corrosion (right tentacle)
Scrolls
 c - a scroll of teleportation {unknown}
 h - 5 scrolls of identify
 j - a scroll of immolation {unknown}
 m - a scroll of amnesia {unknown}
 n - a scroll of remove curse {unknown}
Potions
 g - a potion of berserk rage
Comestibles
 d - 3 rations


   Skills:
 * Level 4.0 Fighting
 + Level 3.1 Long Blades
 * Level 0.4 Throwing
 + Level 3.8 Dodging
 + Level 2.0 Stealth
 + Level 3.7 Shields


You had 4 spell levels left.
You didn't know any spells.
Your spell library was empty.

Dungeon Overview and Level Annotations

Branches:
Dungeon (4/15)
 Temple: D:4-7

Altars:
Cheibriados
Elyvilon
Kikubaaqudgha
Trog
Wu Jian
Yredelemnul
The Shining One


Innate Abilities, Weirdness & Mutations

You cannot wear most types of armour.
You are very stealthy in the water. (Stealth+)
You are amphibious.
You can wear up to eight rings at the same time.
You can use your tentacles to constrict eight enemies at once.
Your skin changes colour to match your surroundings (Stealth+).
Your rubbery body absorbs attacks. (AC +1, EV +1)
Your mind is acute. (Int +2)


Message History

You feel sick. The orc wizard casts a spell at you. The puff of frost hits you!
An orc wizard comes into view. It is wielding a +0 dagger.
You slash the orc wizard! Your grab misses the orc wizard.
You squeeze the orc wizard.
The orc wizard is heavily wounded.
You feel sick. You block the orc wizard's attack.
You miss the orc wizard. Your grab misses the orc wizard.
Your squeeze misses the orc wizard.
The orc wizard is heavily wounded.
The orc wizard hits you with a +0 dagger.
* * * LOW HITPOINT WARNING * * *
The orc wizard casts a spell at you. The puff of frost hits you!
* * * LOW HITPOINT WARNING * * *
It was a potion of mutation.
You feel extremely strange.
You feel frail.
You feel robust.
You feel clever.
The orc wizard hits you with a +0 dagger.
You die...

###.... ....
...... ....
#....# o....
##....# ...
.....# ...
#...##.#
###...#o.#
#....<@..#
#.....#..#
#............
##.###..###..#
#.. ### .# #..
. ##


You could see 2 orc wizards.

Vanquished Creatures
  An orc wizard (D:3)
  A worker ant (D:4)
  4 adders
  3 worms (D:3)
  3 dart slugs
  A leopard gecko (D:3)
  13 orcs (D:3)
  2 ball pythons
  6 bats
  2 giant cockroaches
  9 goblins
  6 hobgoblins
  4 frilled lizards
  8 kobolds
  6 rats
69 creatures vanquished.

Vanquished Creatures (others)
  A human (D:3)
1 creature vanquished.

Grand Total: 70 creatures vanquished

Notes
Turn   | Place    | Note
-------+----------+-------------------------------------------
     0 | D:1      | Dorkslayer the Octopode Fighter began the quest for the
                  | Orb.
     0 | D:1      | Reached XP level 1. HP: 16/16 MP: 1/1
   157 | D:1      | Reached XP level 2. HP: 5/21 MP: 2/2
   604 | D:1      | Reached XP level 3. HP: 26/26 MP: 3/3
  1345 | D:2      | Found an ornate altar of the Wu Jian Council.
  1589 | D:2      | Found a snail-covered altar of Cheibriados.
  1591 | D:2      | Found a glowing golden altar of the Shining One.
  1591 | D:2      | Found a basalt altar of Yredelemnul.
  1602 | D:2      | Reached skill level 1 in Stealth
  1602 | D:2      | Reached XP level 4. HP: 29/33 MP: 4/4
  1826 | D:3      | Upgraded the game from 0.24-a0-619-gb7544fd to
                  | 0.24-a0-630-g0d56a85
  1919 | D:3      | Found an ancient bone altar of Kikubaaqudgha.
  1919 | D:3      | Noticed a human
  1924 | D:3      | Killed a human
  1937 | D:3      | Reached XP level 5. HP: 30/37 MP: 5/5
  2006 | D:3      | Found a bloodstained altar of Trog.
  2420 | D:3      | Found a white marble altar of Elyvilon.
  2712 | D:4      | Reached skill level 4 in Fighting
  2715 | D:4      | HP: 1/37 [orc wizard/puff of frost (9)]
  2716 | D:4      | Gained mutation: You are frail. (-10% HP) [potion of
                  | mutation]
  2716 | D:4      | Lost mutation: You are frail. (-10% HP) [potion of
                  | mutation]
  2716 | D:4      | Gained mutation: Your mind is acute. (Int +2) [potion of
                  | mutation]
  2716 | D:4      | Slain by an orc wizard

Levels and vault maps discovered:
D:1:      dpeg_arrival_another_circle, layout_basic
D:2:      layout_loops_ring, old_standard_altar,
          chequers_temple_overflow_statue_of_worship, first_ration
D:3:      layout_basic, overflow_temple_1_default, lemuel_crystal_altar,
          tgw_kikubaaqudgha
D:4:      layout_cave_pools, minmay_temple_entry_fiery, uniq_ijyb, uniq_natasha

Skill      XL: |  1  2  3  4  5 |
---------------+----------------+-----
Stealth        | 1 2 |  2.0
Fighting       | 4 |  4.0
Long Blades    | 3 |  3.1
Throwing       | |  0.4
Dodging        | |  3.8
Shields        | |  3.7

Action                   |  1- 3 |  4- 6 || total
-------------------------+-------+-------++-------
Melee: Long sword        |    68 |    56 ||   124
       Constrict         |    24 |    18 ||    42
       Tentacles         |    14 |    13 ||    27
Throw: Dart              |       |     2 ||     2
  Use: Potion            |     1 |     5 ||     6
       Scroll            |       |     1 ||     1
 Stab: Sleeping          |     5 |     3 ||     8
  Eat: Chunk             |     2 |     3 ||     5
Armor: Skin              |     8 |     3 ||    11
Dodge: Dodged            |    30 |    24 ||    54
Block: Shield            |    31 |    27 ||    58
       Rpst.: Long sword |     6 |     6 ||    12

Table legend:
 A = Non-vault XP
 B = Vault XP
 C = Vault XP percentage of total XP
 D = Non-vault monster count
 E = Vault monster count
 F = Vault count percentage of total count
                 A         B        C        D         E       F
            +---------+---------+-------+---------+---------+-------
      Total |     260 |       0 |   0.0 |      69 |       0 |   0.0
            +---------+---------+-------+---------+---------+-------
        D:1 |      46 |       0 |   0.0 |      26 |       0 |   0.0
        D:2 |      45 |       0 |   0.0 |      12 |       0 |   0.0
        D:3 |     133 |       0 |   0.0 |      30 |       0 |   0.0
        D:4 |      36 |       0 |   0.0 |       1 |       0 |   0.0
            +---------+---------+-------+---------+---------+-------
